 Dungeon Crawl Stone Soup version 0.31-a0-1620-gcbf77bbcfc (webtiles) character file.

Game seed: 1563292393240442414

13 Pickler the Chiller (level 2, -4/20 HPs)
             Began as a Draconian Ice Elementalist on Jan 12, 2024.
             Slain by a gnoll
             ... wielding a +0 heavy spear
              (12 damage)
             ... on level 1 of the Dungeon.
             The game lasted 00:00:52 (379 turns).

Pickler the Chiller (Draconian Ice Elementalist)     Turns: 379, Time: 00:00:53

Health: -4/20      AC:  4    Str: 10    XL:     2   Next: 24%
Magic:  4/5        EV: 12    Int: 15    God:
Gold:   22         SH:  0    Dex: 11    Spells: 4/5 levels left

rFire   . . .        d - +0 falchion
rCold   . . .        (no shield)
rNeg    . . .        (body armour unavailable)
rPois   .            (helmet restricted)
rElec   .            (no cloak)
rCorr   .            (no gloves)
SInv    .            (no boots)
Will    .....        (no amulet)
Stlth   ++           (no ring)
HPRegen 0.23/turn    (no ring)
MPRegen 0.09/turn

%: no passive effects
@: no status effects
A: AC +4, unfitting armour, cold-blooded
a: no special abilities


You were on level 1 of the Dungeon.
You visited 1 branch of the dungeon, and saw 1 of its levels.

You collected 22 gold pieces.

Inventory:

Hand Weapons
 b - a +0 club
 d - a +0 falchion (weapon)
Scrolls
 c - 3 scrolls of identify {unknown}
 e - a scroll of teleportation {unknown}
 f - a scroll of enchant armour {unknown}
Potions
 a - a potion of magic


   Skills:
 + Level 0.1 Fighting
 + Level 2.0 Dodging
 - Level 2.0 Stealth
 + Level 2.2 Spellcasting
 + Level 4.1 Ice Magic


You had 4 spell levels left.
You knew the following spells:

 Your Spells              Type           Power      Damage    Failure   Level
a - Freeze                Ice            56%        1d7       4%          1

Your spell library contained the following spells:

 Spells                   Type           Power      Damage    Failure   Level
 Frozen Ramparts          Ice            28%        1d5       12%         3
 Ozocubu's Armour         Ice            14%        N/A       12%         3
 Summon Ice Beast         Ice/Summ       7%         N/A       28%         3


Dungeon Overview and Level Annotations

Branches:
Dungeon (1/15)

Altars:


Innate Abilities, Weirdness & Mutations

Your plain brown scales are hard. (AC +4)
You cannot fit into any form of body armour.
You are cold-blooded and may be slowed by cold attacks.


Message History

You kill the bat!
You open the door.
Found a stone staircase leading down.
Found a glowing leather armour.
There is an open door here.
There is a stone staircase leading down here.
An endoplasm comes into view.
The endoplasm quivers.
The endoplasm hits you but does no damage.
You freeze the endoplasm.
The endoplasm is heavily wounded.
The endoplasm hits you but does no damage.
You freeze the endoplasm.
The endoplasm is almost dead.
The endoplasm hits you.
You freeze the endoplasm.
You kill the endoplasm!
A hobgoblin comes into view.
Found a scroll labelled KEUCSAGIFI.
A hobgoblin is nearby!
Found a whip.
The hobgoblin shouts!
The hobgoblin misses you.
You freeze the hobgoblin!
You kill the hobgoblin!
f - a scroll labelled KEUCSAGIFI As you open the door, it creaks loudly!
You hear a shout!
The gnoll shouts!
There is an open door here.
The gnoll hits you from afar with a +0 heavy spear.
You freeze the gnoll.
The gnoll is lightly wounded.
The gnoll hits you with a +0 heavy spear.
You are too injured to fight recklessly!
You closely miss the gnoll. You tail-slap the gnoll.
The gnoll is lightly wounded.
A hobgoblin comes into view.
The gnoll hits you with a +0 heavy spear!
Ouch! That really hurt!
You die...

#........... #..........
#.......... .........g #........#
#........# #........###
#.....g@.'.##
#........#..############
##########........##....#.......#
#.................#####......##.#
+.................# ##........#
#.................# ##..).....
............####### #.....#..
............# #.#+#...#
............# #...#.#.#


You could see a gnoll and a hobgoblin.

Vanquished Creatures
  A dart slug (D:1)
  2 bats (D:1)
  An endoplasm (D:1)
  A hobgoblin (D:1)
  2 jackals (D:1)
  A kobold (D:1)
  A quokka (D:1)
9 creatures vanquished.

Notes
Turn   | Place    | Note
-------+----------+-------------------------------------------
     0 | D:1      | Pickler the Draconian Ice Elementalist began the quest for
                  | the Orb.
     0 | D:1      | Reached XP level 1. HP: 14/14 MP: 3/3
   108 | D:1      | Reached XP level 2. HP: 20/20 MP: 0/5
   379 | D:1      | Slain by a gnoll

Illustrated notes

Levels and vault maps discovered:
D:1:      lightli_arrival_statuegarden, layout_basic

Skill      XL: |  1 |
---------------+----+-----
Stealth        | 2 |  2.0
Dodging        | 2 |  2.0
Fighting       | |  0.1
Spellcasting   | |  2.2
Ice Magic      | |  4.1

Action                     || total
---------------------------++-------
  Melee: Club              ||     2
         Falchion          ||     3
         Tailslap          ||     1
   Cast: Freeze            ||    12
   Stab: Sleeping          ||     1
 Armour: Skin              ||    10
  Dodge: Dodged            ||     5

Table legend: (Time is in decaauts)
 A = Elapsed time spent in this place.
 B = Non-inter-level travel time spent in this place.
 C = Inter-level travel time spent in this place.
 D = Time resting spent in this place.
 E = Time spent auto-exploring this place.
 F = Levels seen in this place.
 G = Mean time per level.
                   A        B        C        D        E       F      G
               +--------+--------+--------+--------+--------+-----+--------+
         Total |    379 |    379 |      0 |      0 |    307 |   1 |  379.0 |
       Dungeon |    379 |    379 |      0 |      0 |    307 |   1 |  379.0 |
               +--------+--------+--------+--------+--------+-----+--------+

Top non-repeatable levels by time:
     D:1: 379 daAuts
